 Dungeon Crawl Stone Soup version 0.26-a0-466-g989023bd0d (webtiles) character file.

Game seed: 7449162941791292228

342 sking99 the Sneak (level 6, -3/41 HPs)
             Began as a Vampire Enchanter on Aug 8, 2020.
             Was a Follower of Kikubaaqudgha.
             Slain by a scorpion (9 damage)
             ... on level 4 of the Dungeon.
             The game lasted 00:11:21 (3337 turns).

sking99 the Sneak (Vampire Enchanter)               Turns: 3337, Time: 00:11:22

Health: -3/41      AC:  2    Str:  8    XL:     6   Next: 30%
Magic:  0/9        EV: 13    Int: 19    God:    Kikubaaqudgha [*.....]
Gold:   174        SH:  0    Dex: 14    Spells: 3/9 levels left

rFire    . . .     SeeInvis +   q - +0 dagger (speed)
rCold    . . .     Faith    .   (no shield)
rNeg     . . .     Spirit   .   b - +0 robe
rPois    .         Reflect  .   (no helmet)
rElec    .         Harm     .   (no cloak)
rCorr    .                      (no gloves)
MR       .....                  (no boots)
Stlth    +++.......             (no amulet)
HPRegen  0.33/turn              (no ring)
MPRegen  0.11/turn              (no ring)

@: lethally poisoned (-3 -> -7), very slightly contaminated, regenerating
quickly
A: fangs 3, see invisible, unbreathing
a: Exsanguinate, Receive Corpses, Renounce Religion


You were on level 4 of the Dungeon.
You worshipped Kikubaaqudgha.
Kikubaaqudgha was aware of your devotion.
You visited 1 branch of the dungeon, and saw 4 of its levels.

You collected 174 gold pieces.

Inventory:

Hand Weapons
 q - a +0 dagger of speed (weapon)
Missiles
 j - a throwing net (quivered)
Armour
 b - a +0 robe (worn)
 l - a +0 buckler
Scrolls
 d - a scroll of fog
 f - a scroll of immolation {unknown}
 g - a scroll of identify
 n - a scroll of teleportation {unknown}
 o - a scroll of enchant weapon {unknown}
 p - a scroll of fear {unknown}
Potions
 c - a potion of magic {unknown}
 h - 3 potions of stabbing
 i - 2 potions of curing {unknown}
 k - 3 potions of might {unknown}
 m - 2 potions of berserk rage {unknown}


   Skills:
 * Level 4.2 Short Blades
 - Level 2.7 Dodging
 + Level 6.2 Stealth
 - Level 2.3 Spellcasting
 + Level 5.8 Hexes
 + Level 2.1 Necromancy
 - Level 1.0 Ice Magic


You had 3 spell levels left.
You knew the following spells:

 Your Spells              Type           Power        Failure   Level
a - Corona                Hex            ###....      1%          1
b - Ensorcelled Hibernat  Hex/Ice        ###...       6%          2
c - Confusing Touch       Hex            ###.....     4%          3

Your spell library contained the following spells:

 Spells                   Type           Power        Failure   Level
 Tukima's Dance           Hex            ###.....     4%          3
 Pain                     Necr           ##..         7%          1
 Sublimation of Blood     Necr           ##........   11%         2
 Dazzling Flash           Conj/Hex       ##....       14%         3
 Corpse Rot               Necr/Air       N/A          16%         2
 Vampiric Draining        Necr           ##........   21%         3


Dungeon Overview and Level Annotations

Branches:
Dungeon (4/15)
 Temple: D:4-7

Altars:
Elyvilon
Kikubaaqudgha
Ru
Zin
The Shining One


Innate Abilities, Weirdness & Mutations

Your natural rate of healing is unusually fast.
You have razor-sharp teeth.
You have supernaturally acute eyesight. (SInv)
You can survive without breathing.


Message History

The scorpion is lightly wounded.
You closely miss the scorpion.
The scorpion is lightly wounded.
You feel sick. The scorpion barely misses you.
You hit the scorpion but do no damage.
The scorpion is lightly wounded.
You don't have enough magic at the moment.
You hit the scorpion but do no damage.
The scorpion is lightly wounded.
You feel sick. The scorpion barely misses you.
You hit the scorpion but do no damage.
The scorpion is lightly wounded.
You hit the scorpion but do no damage.
The scorpion is lightly wounded.
You feel sick. The scorpion closely misses you.
You hit the scorpion but do no damage.
The scorpion is lightly wounded.
The scorpion stings you!
You die...
Kikubaaqudgha rasps: "You have failed me!
Welcome... death!"

#..#......#
#..#......#
##.........##
#...........#
#...........#
#...........#
#....s......#
#...@...†...#
#...........#
#............#
###..........#
#............
#..........#.
#.......####
#.....###


You could see a scorpion.

Vanquished Creatures
  Sigmund (D:3)
  A worker ant (D:4)
  Robin (D:2)
  4 adders
  2 oozes
  2 worms (D:2)
  4 dart slugs
  4 leopard geckos
  4 giant cockroaches
  15 goblins
  9 hobgoblins
  12 jackals
  6 bats
  5 frilled lizards
  6 kobolds
  11 rats
87 creatures vanquished.

Notes
Turn   | Place    | Note
-------+----------+-------------------------------------------
     0 | D:1      | sking99 the Vampire Enchanter began the quest for the Orb.
     0 | D:1      | Reached XP level 1. HP: 13/13 MP: 3/3
   184 | D:1      | Reached XP level 2. HP: 19/19 MP: 5/5
   545 | D:1      | Reached XP level 3. HP: 18/24 MP: 6/6
   567 | D:1      | Learned a level 2 spell: Ensorcelled Hibernation
   719 | D:2      | Noticed Robin
  1146 | D:2      | Reached skill level 5 in Stealth
  1149 | D:2      | Killed Robin
  1202 | D:2      | Reached XP level 4. HP: 18/30 MP: 1/7
  1753 | D:2      | Reached skill level 1 in Ice Magic
  1935 | D:2      | Found an ancient bone altar of Kikubaaqudgha.
  1937 | D:2      | Found a sacrificial altar of Ru.
  1947 | D:2      | Became a worshipper of Kikubaaqudgha
  1975 | D:3      | Noticed Sigmund
  1988 | D:3      | Killed Sigmund
  1988 | D:3      | Reached skill level 5 in Hexes
  1988 | D:3      | Reached skill level 1 in Necromancy
  1988 | D:3      | Reached XP level 5. HP: 16/35 MP: 5/8
  2054 | D:3      | Learned a level 3 spell: Confusing Touch
  2354 | D:3      | Reached XP level 6. HP: 41/41 MP: 6/9
  2418 | D:3      | Reached skill level 6 in Stealth
  2511 | D:3      | Reached * piety under Kikubaaqudgha
  2511 | D:3      | Identified Kikubaaqudgha's Catalogue of Black Rites
                  | (Kikubaaqudgha gifted it to you on level 3 of the Dungeon)
  2511 | D:3      | Received a gift from Kikubaaqudgha
  2830 | D:3      | Found a glowing silver altar of Zin.
  2830 | D:3      | Found a glowing golden altar of the Shining One.
  2830 | D:3      | Found a white marble altar of Elyvilon.
  3337 | D:4      | Slain by a scorpion

Illustrated notes

Levels and vault maps discovered:
D:1:      minmay_arrival_solitary_statue, layout_loops_ring
D:2:      layout_loops_ring, minitemple, st_stairs_4, minmay_misc_feat_square,
          uniq_robin
D:3:      layout_loops_ring, good_gods_mini_temple, palyth_stone_intersect,
          uniq_sigmund
D:4:      layout_cave_pods, grunt_gozag_breadcrumbs, gammafunk_ghost_split,
          serial_shops, shop, uniq_eustachio

Skill      XL: |  1  2  3  4  5  6 |
---------------+-------------------+-----
Short Blades   | 2 3 4 |  4.2
Stealth        | 5 6 |  6.2
Ice Magic      | 1 |  1.0
Hexes          | 5 |  5.8
Necromancy     | 1 2 |  2.1
Dodging        | |  2.7
Spellcasting   | |  2.3

Action                   |  1- 3 |  4- 6 || total
-------------------------+-------+-------++-------
Melee: Dagger            |   132 |   161 ||   293
       Bite              |     8 |     6 ||    14
 Cast: Ensorcelled Hiber |    14 |    50 ||    64
  Use: Scroll            |       |     3 ||     3
 Stab: Sleeping          |    18 |    37 ||    55
Armor: Robe              |    13 |    27 ||    40
Dodge: Dodged            |    71 |    99 ||   170

Table legend: (Time is in decaauts)
 A = Elapsed time spent in this place.
 B = Non-inter-level travel time spent in this place.
 C = Inter-level travel time spent in this place.
 D = Time resting spent in this place.
 E = Time spent auto-exploring this place.
 F = Levels seen in this place.
 G = Mean time per level.
                   A        B        C        D        E       F      G
               +--------+--------+--------+--------+--------+-----+--------+
         Total |   3268 |   3245 |     23 |    917 |   1565 |   4 |  817.0 |
       Dungeon |   3268 |   3245 |     23 |    917 |   1565 |   4 |  817.0 |
               +--------+--------+--------+--------+--------+-----+--------+

Top non-repeatable levels by time:
     D:2: 1335 daAuts
     D:3: 1268 daAuts
     D:1: 622 daAuts
     D:4: 42 daAuts
